 Dungeon Crawl Stone Soup version 0.18-a0-1729-g8b70789 (webtiles) character file.

79 Geeful the Chiller (level 4, -5/27 HPs)
             Began as an Octopode Ice Elementalist on Apr 10, 2016.
             Slain by a worm (11 damage)
             ... on level 2 of the Dungeon.
             The game lasted 00:03:53 (2621 turns).

Geeful the Chiller (Octopode Ice Elementalist)      Turns: 2621, Time: 00:03:54

Health: -5/27      AC:  1    Str: 12    XL:     4   Next: 37%
Magic:  7/7        EV: 12    Int: 18    God:
Gold:   64         SH:  0    Dex: 12    Spells: 2 memorised, 4 levels left

rFire  . . .     SeeInvis .     m - +2 whip (flame)
rCold  . . .     Gourm    .     (no shield)
rNeg   . . .     Faith    .     (helmet restricted)
rPois  .         Spirit   .     (no amulet)
rElec  .         Dismiss  .     (no ring)
rCorr  .         Reflect  .     (no ring)
SustAt .         Harm     .     (no ring)
MR     .....                    (no ring)
Stlth  +++.......               (no ring)
                                (no ring)
                                (no ring)
                                (no ring)

@: mighty, very slightly contaminated, invisible, not resistant to hostile
enchantments, fairly stealthy
A: almost no armour, amphibious, 8 rings, constrict 8, camouflage 1, gelatinous
body 1
a: no special abilities


You were on level 2 of the Dungeon.
You were not hungry.

You visited 1 branch of the dungeon, and saw 2 of its levels.

You collected 64 gold pieces.

Inventory:

Hand Weapons
 m - a +2 whip of flaming (weapon)
Missiles
 l - 22 poisoned needles
Scrolls
 e - a scroll of immolation {unknown}
 f - a scroll of fear
 j - a scroll of recharging {unknown}
Potions
 g - 2 potions of might
 h - a potion of magic
Books
 a - a book of Frost

   Spells                             Type                      Level
   a - Freeze                         Ice                          1
   b - Throw Frost                    Conjuration/Ice              2
   c - Ozocubu's Armour               Charms/Ice                   3
   d - Throw Icicle                   Conjuration/Ice              4
   e - Summon Ice Beast               Ice/Summoning                4
Comestibles
 b - 2 bread rations
 c - 4 chunks of flesh
 i - 3 fruits


   Skills:
 + Level 2.6 Dodging
 - Level 2.6 Stealth
 + Level 2.5 Spellcasting
   Level 1.0 Conjurations
 * Level 4.3 Ice Magic


You had 4 spell levels left.
You knew the following spells:

 Your Spells              Type           Power        Failure   Level  Hunger
a - Freeze                Ice            ###.         3%          1    #......
b - Ozocubu's Armour      Chrm/Ice       ##......     24%         3    ###....


Dungeon Overview and Level Annotations

Branches:
Dungeon (2/15)

Altars:


Innate Abilities, Weirdness & Mutations

You cannot wear most types of armour.
You are amphibious.
You can wear up to eight rings at the same time.
You can use your tentacles to constrict eight enemies at once.
Your skin changes colour to match your surroundings (Stealth).
Your rubbery body absorbs attacks (AC +1).


Message History

You feel sick. The rat barely misses you. The goblin barely misses you.
Drink which item? (? for menu, Esc to quit)
It was a potion of invisibility.
You fade into invisibility!
The rat barely misses you. The goblin misses you.
You are very lightly contaminated with residual magic.
Drink which item? (? for menu, Esc to quit)
It was a potion of curing.
You feel better. The rat barely misses you.
The goblin hits you but does no damage.
You barely miss the goblin. Your grab misses the goblin. The rat misses you.
The goblin barely misses you.
You hit the goblin. You burn the goblin.
You kill the goblin!
The rat bites you.
You closely miss the rat. Your grab misses the rat. The rat bites you.
* * * LOW HITPOINT WARNING * * *
You whack the rat! You burn the rat.
You kill the rat!
The worm bites you!
You die...

#.......?..### ########.....##
########..[..# #....# #..#.##
#...># ##..## #....# #..##
#....## #...# ########.....#
#w#.# .............###@..#
...................######## #####
..(.....####..............###....
............#####................
........###..# #........###..##.
........# ##.## #<.......###.....
...(....# #..###.........##..###
###.##### ##.....)...[...###...#
#(## #####............##.#


You could see a worm.

Vanquished Creatures
  2 adders
  2 worms (D:2)
  2 dart slugs (D:1)
  A giant gecko (D:1)
  5 giant cockroaches
  5 goblins
  9 hobgoblins
  6 kobolds
  6 bats (D:1)
  5 giant newts
  A jackal skeleton (D:1)
  5 rats
49 creatures vanquished.

Notes
Turn   | Place    | Note
--------------------------------------------------------------
     0 | D:1      | Geeful the Octopode Ice Elementalist began the quest for the Orb.
     0 | D:1      | Reached XP level 1. HP: 11/11 MP: 3/3
   386 | D:1      | Reached XP level 2. HP: 13/17 MP: 1/5
  1394 | D:1      | Reached XP level 3. HP: 14/21 MP: 6/6
  1912 | D:1      | Reached skill level 4 in Ice Magic
  2006 | D:1      | Learned a level 3 spell: Ozocubu's Armour
  2285 | D:2      | Reached XP level 4. HP: 19/27 MP: 7/7
  2621 | D:2      | Slain by a worm

Vault maps used:
D:1:      wheals_arrival_shading, serial_forest, infiniplex_forest_straight_5,
          infiniplex_forest_zigzag_1, infiniplex_forest_straight_1,
          infiniplex_forest_zigzag_1, infiniplex_forest_end_double,
          infiniplex_forest_lined_room_2, grunt_decor_resistance
D:2:      lemuel_coloured_pillars_altar, first_bread

Skill      XL: |  1  2  3 |
---------------+----------+-----
Ice Magic      | 4 |  4.3
Dodging        | |  2.6
Stealth        | |  2.6
Spellcasting   | |  2.5
Conjurations   | |  1.0

Action                   |  1- 3 |  4- 6 || total
-------------------------+-------+-------++-------
Melee: Unarmed           |    83 |       ||    83
       Whip              |    33 |    27 ||    60
 Cast: Freeze            |     3 |     1 ||     4
  Use: Scroll            |     4 |       ||     4
       Potion            |       |     4 ||     4
 Stab: Sleeping          |     8 |     2 ||    10
  Eat: Chunk             |     4 |     1 ||     5
